 Dungeon Crawl Stone Soup version 0.27.0-1-g7a08968 (webtiles) character file.

Game seed: 17941060510249401381

8799 bonscott the Quickloader (level 11, -5/67 HPs)
             Began as a Vampire Hunter on Aug 14, 2021.
             Was a High Priest of Fedhas.
             Slain by a troll (11 damage)
             ... on level 9 of the Dungeon.
             The game lasted 01:40:58 (11601 turns).

bonscott the Quickloader (Vampire Hunter)          Turns: 11601, Time: 01:40:58

Health: -5/67      AC: 13    Str: 20    XL:     11   Next: 14%
Magic:  20/20      EV: 12    Int: 14    God:    Fedhas [*****.]
Gold:   595        SH:  4    Dex: 15    Spells: 10/10 levels left

rFire    . . .     SeeInvis +   b - +0 war axe (venom)
rCold    + + .     Faith    .   D - +0 buckler
rNeg     + + +     Spirit   .   h - +0 steam dragon scales
rPois    ∞         Reflect  .   n - +0 helmet
rElec    .         Harm     .   v - +1 cloak
rCorr    .         Rampage  .   B - +0 pair of gloves
Will     +....                  r - +1 pair of boots
Stlth    ++++......             l - amulet of regeneration
HPRegen  0.00/turn              k - ring of magical power
MPRegen  0.17/turn              E - +6 ring of strength

@: bloodless, inhibited regen, invisible
A: bloodless, fangs 3, see invisible, vampiric 2, wild magic 1
a: Bat Form, Revivify, Renounce Religion, Wall of Briars, Grow Ballistomycete,
Overgrow, Grow Oklob


You were on level 9 of the Dungeon.
You worshipped Fedhas.
Fedhas was extremely pleased with you.
You visited 2 branches of the dungeon, and saw 12 of its levels.

You collected 595 gold pieces.

Inventory:

Hand Weapons
 a - a +2 hunting sling
 b - a +0 war axe of venom (weapon)
 c - the +8 hand crossbow of Zin's Righteous Anger {penet, Fly Dex+3 SInv}
   (You found it on level 4 of the Dungeon)

   Any ammunition fired by it passes through the targets it hits, potentially
   hitting all targets in its path until it reaches maximum range.
   Dex:       It affects your dexterity (+3).
   SInv:      It lets you see invisible.
   Fly:       It grants you flight.
 g - a +3 hand axe of flaming
 x - a +4 dagger
Missiles
 e - 108 arrows
 f - 72 bolts
 q - 12 poisoned darts (quivered)
 s - 52 sling bullets
 y - 12 boomerangs
 z - 2 curare-tipped darts
 F - 246 stones
Armour
 h - +0 steam dragon scales (worn)
 n - a +0 helmet (worn)
 r - a +1 pair of boots (worn)
 v - a +1 cloak (worn)
 B - a +0 pair of gloves (worn)
 D - a +0 buckler (worn)
Jewellery
 k - a ring of magical power (left hand)
 l - an amulet of regeneration (around neck)
 E - a +6 ring of strength (right hand)
Wands
 p - a wand of flame (17)
 u - a wand of iceblast (7)
Scrolls
 j - a scroll of immolation
 t - a scroll of blinking
 G - a scroll of acquirement {unknown}
Potions
 d - 2 potions of curing
 i - 3 potions of haste
 m - a potion of attraction
 o - a potion of lignification
 A - 2 potions of brilliance
 C - 2 potions of ambrosia


   Skills:
 - Level 7.0 Fighting
 - Level 6.0 Axes
 - Level 6.0 Slings
 - Level 8.0 Crossbows
 - Level 7.0 Armour
 - Level 2.1 Dodging
 - Level 3.0 Stealth
 + Level 1.9 Shields


You had 10 spell levels left.
You didn't know any spells.
Your spell library contained the following spells:

 Spells                   Type           Power      Damage    Failure   Level
 Pain                     Necr           0%         1d4       45%         1
 Agony                    Necr           0%         N/A       100%        5
 Excruciating Wounds      Necr           0%         N/A       100%        5


Dungeon Overview and Level Annotations

Branches:
Dungeon (11/15)            Temple (0/1) D:4            Lair (1/6) D:9
    Orc: D:9-12

Altars:
Ashenzari
Elyvilon
Fedhas
Hepliaklqana
Kikubaaqudgha
Makhleb
Sif Muna
Trog
Uskayaw
Vehumet
Zin
Beogh

Portals:
Abyss: D:10

Annotations:
D:5 Grinder
D:6 3 runed translucent doors, SuisLittleHoshiymin's ghost, novice DEWz
D:10 1 transporter, yakattack's ghost, amateur FoAK


Innate Abilities, Weirdness & Mutations

You do not regenerate when monsters are visible.
You are frail without blood (-20% HP).
You can heal yourself when you bite living creatures.
You are immune to poison.
You have razor-sharp teeth.
You have supernaturally acute eyesight. (SInv)
You are afflicted with vampirism and can become a bat while bloodless.
Your spells are a little harder to cast, but a little more powerful.


Message History

The splash of acid hits you!
You are splashed with acid!
Unknown command.
Okay, then.
Aiming: Iceblast
Press: ? - help, Shift-Dir - straight line, p - acid dragon The mass of ice explodes!
The iceblast engulfs the acid dragon.
The acid dragon is severely wounded.
You hear a howl!
The acid dragon bites you!
* * * LOW HITPOINT WARNING * * *
The acid dragon misses you.
Aiming: Iceblast
Press: ? - help, Shift-Dir - straight line The mass of ice explodes!
The iceblast engulfs the acid dragon!
The acid dragon is almost dead.
The acid dragon barely misses you. x2
Aiming: Iceblast
Press: ? - help, Shift-Dir - straight line The mass of ice explodes!
The iceblast engulfs the acid dragon!
You kill the acid dragon!
Fedhas appreciates your contribution to the ecosystem.
Things that are here:
a +0 leather armour; a +0 mace; a +0 mace
There is a stone staircase leading up here.
The troll barely misses you. The troll claws you!
* * * LOW HITPOINT WARNING * * *
The troll claws you but does no damage.
You climb upwards.
There is a stone staircase leading down, spattered with blood here.
Search for what [Enter for "rcor", or ? for help]? trap
Things that are here:
a +0 plate armour; a +0 war axe The troll bites you but does no damage.
You block the troll's attack. The troll claws you.
* * * LOW HITPOINT WARNING * * *
It was a potion of invisibility.
You fade into invisibility!
The troll bites you!
You die...
Fedhas appreciates your contribution to the ecosystem.

...##########.#...............#
...'.......[....########......###
...##########..### #####.<....†.#
[### #≈≈..♣♣♣P[≈≈......#†# ..#
##≈≈...P.)P≈≈#.#####†# #.#
#..PP♣♣.♣♣P..#...#.††. #.#
#.P.♣♣P..♣♣..#####†.†† #.#
#.♣.♣....P♣.♣....#..†. #.#
###.♣.T@._...P♣....#†..†
#.########...♣.♣P....♣.♣....#....
....[........P.♣♣..P♣♣.P....#####
#.########....PP♣♣.♣♣PP........#
#.# #...≈≈...)...≈≈.......# #.#
#####...≈≈..♣♣♣..≈≈.......# #.#
#..........## ##.+######### #.#
#.######.### #..## #># ##.## #.##
##.[###


You could see a troll.

Vanquished Creatures
  3 two-headed ogres
  A troll (D:10)
  A queen bee (D:9)
  A hornet (D:7)
  Prince Ribbit (D:9)
  A wraith (D:10)
  2 wyverns
  6 yaks
  A steam dragon (D:10)
  An acid dragon (D:10)
  2 sky beasts
  2 ice beasts
  8 orc warriors
  4 black bears
  A hornet zombie (D:6)
  2 ogres
  3 centaurs
  A phantom (D:3)
  2 kobold brigands
  Blork the orc (D:4)
  3 bullfrogs
  2 scorpions
  19 killer bees (D:9)
  3 wights (D:7)
  A howler monkey (D:10)
  4 electric eels
  A centaur zombie (D:9)
  2 bullfrog zombies
  A jelly (D:5)
  2 orc priests
  3 hounds (D:5)
  3 iguanas
  9 orc wizards
  A hound zombie (D:5)
  2 hound skeletons (D:4)
  3 adders
  A howler monkey skeleton (D:4)
  2 shadow imps (D:6)
  2 white imps
  2 ufetubi
  An adder skeleton (D:4)
  A worm (D:2)
  2 dart slugs
  39 orcs
  7 endoplasms
  2 giant cockroaches (D:4)
  9 goblins
  8 hobgoblins
  7 jackals (D:1)
  12 kobolds
  5 quokkas
  3 ball pythons
  5 bats
  A frilled lizard (D:2)
  4 rats
216 creatures vanquished.

Vanquished Creatures (others)
  A human (D:5)
  An adder (D:4)
  A butterfly (D:9)
  20 fungi (D:9)
  30 plants
53 creatures vanquished.

Grand Total: 269 creatures vanquished

Notes
Turn   | Place    | Note
-------+----------+-------------------------------------------
     0 | D:1      | bonscott the Vampire Hunter began the quest for the Orb.
     0 | D:1      | Reached XP level 1. HP: 16/16 MP: 1/1
   192 | D:1      | Reached XP level 2. HP: 22/22 MP: 2/2
   671 | D:1      | Found a faded altar of an unknown god.
  1062 | D:1      | Became a worshipper of Fedhas Madash
  1062 | D:1      | Reached * piety under Fedhas
  1083 | D:2      | Gained mutation: You are afflicted with vampirism and can
                  | become a bat while bloodless. [Vampire growth]
  1083 | D:2      | Reached XP level 3. HP: 27/27 MP: 3/3
  2055 | D:3      | You fall into a shaft and drop 3 floors!
  2056 | D:6      | Noticed a black bear
  2062 | D:6      | Killed a black bear
  2062 | D:6      | Reached ** piety under Fedhas
  2063 | D:6      | Reached skill level 5 in Slings
  2063 | D:6      | Reached skill level 1 in Armour
  2063 | D:6      | Reached XP level 4. HP: 33/33 MP: 4/4
  2063 | D:6      | Reached XP level 5. HP: 38/38 MP: 5/5
  2304 | D:6      | Noticed a two-headed ogre
  2323 | D:6      | Noticed a two-headed ogre
  2330 | D:5      | Entered Level 5 of the Dungeon
  2556 | D:4      | Found a staircase to the Ecumenical Temple.
  2616 | D:4      | Found a radiant altar of Vehumet.
  2716 | D:4      | Noticed Blork the orc
  2944 | D:3      | Noticed a phantom
  3440 | D:3      | Killed a phantom
  3441 | D:3      | Reached XP level 6. HP: 44/44 MP: 6/6
  4601 | D:4      | Reached *** piety under Fedhas
  4818 | D:4      | Identified the +8 hand crossbow of Zin's Righteous Anger
                  | {penet, Fly Dex+3 SInv}
  4868 | D:4      | Killed Blork the orc
  4869 | D:4      | Reached skill level 1 in Crossbows
  4869 | D:4      | Reached XP level 7. HP: 52/52 MP: 7/7
  5129 | D:5      | Noticed Grinder
  5546 | D:5      | Reached skill level 2 in Crossbows
  5609 | D:5      | Reached skill level 3 in Crossbows
  5794 | D:5      | Reached skill level 4 in Crossbows
  5982 | D:5      | Found an ancient bone altar of Kikubaaqudgha.
  5983 | D:5      | Noticed a human
  5985 | D:5      | Killed a human
  6120 | D:5      | Reached XP level 8. HP: 58/58 MP: 8/8
  6261 | D:6      | Reached skill level 5 in Crossbows
  6436 | D:6      | Noticed SuisLittleHoshiymin's ghost (novice DEWz)
  6437 | D:6      | Found a runed translucent gate.
  6437 | D:6      | Found a runed translucent gate.
  6437 | D:6      | Found a runed translucent gate.
  6568 | D:6      | Found a hazy altar of Hepliaklqana.
  6967 | D:7      | Noticed a hornet
  6977 | D:7      | Paralysed by a hornet for 2 turns
  6980 | D:7      | Gained mutation: Your spells are a little harder to cast,
                  | but a little more powerful. [potion of mutation]
  6980 | D:7      | Gained mutation: You are clumsy. (Dex -2) [potion of
                  | mutation]
  6980 | D:7      | Lost mutation: You are clumsy. (Dex -2) [potion of
                  | mutation]
  6985 | D:7      | Killed a hornet
  6986 | D:7      | Reached skill level 6 in Crossbows
  6986 | D:7      | Reached skill level 1 in Axes
  7123 | D:7      | Reached XP level 9. HP: 48/65 MP: 9/9
  7136 | D:7      | Reached **** piety under Fedhas
  7275 | D:7      | Found a bloodstained altar of Trog.
  7286 | D:7      | Found a burning altar of Makhleb.
  7833 | D:8      | Reached skill level 7 in Crossbows
  8724 | D:8      | Reached skill level 5 in Fighting
  8765 | D:9      | Noticed a two-headed ogre
  8772 | D:9      | Reached skill level 5 in Axes
  8772 | D:9      | Reached skill level 5 in Armour
  8784 | D:9      | Killed a two-headed ogre
  8785 | D:9      | Reached XP level 10. HP: 31/59 MP: 10/10
  8993 | D:9      | Noticed a +0 short sword
  8993 | D:9      | Noticed a +0 falchion
  8993 | D:9      | Noticed a +0 dagger
  8994 | D:9      | Noticed a +0 falchion
  9007 | D:9      | Noticed a +0 spear
  9008 | D:9      | Noticed a +0 short sword
  9008 | D:9      | Noticed a +0 spear
  9009 | D:9      | Noticed a +0 dagger
  9010 | D:9      | Found a hide-covered altar of Uskayaw.
  9054 | D:9      | Noticed Prince Ribbit
  9072 | D:9      | Killed Prince Ribbit
  9206 | D:9      | Found a staircase to the Lair.
  9391 | D:9      | Identified the +1 leather armour of Gallantry {Rampage}
  9499 | D:9      | Reached ***** piety under Fedhas
  9646 | D:9      | Noticed a two-headed ogre
  9713 | D:9      | Killed a two-headed ogre
  9851 | D:9      | Found a shimmering blue altar of Sif Muna.
  9944 | D:10     | Entered Level 10 of the Dungeon
 10448 | D:10     | Found a transporter.
 10450 | D:10     | Noticed a skeletal warrior
 10454 | D:10     | Noticed a worldbinder
 10454 | D:10     | Noticed yakattack's ghost (amateur FoAK)
 10456 | D:10     | Noticed a toenail golem
 10459 | D:10     | Found a one-way gate to the infinite horrors of the Abyss.
 10545 | D:10     | Noticed a two-headed ogre
 10567 | D:10     | Killed a two-headed ogre
 10568 | D:10     | Reached XP level 11. HP: 67/67 MP: 11/11
 10928 | Lair:1   | Entered Level 1 of the Lair of Beasts
 10934 | Lair:1   | Noticed an eight-headed hydra
 10986 | D:10     | Found a broken altar of Ashenzari.
 11297 | D:10     | Reached skill level 8 in Crossbows
 11297 | D:10     | Reached skill level 1 in Shields
 11601 | D:9      | Slain by a troll

Illustrated notes

Levels and vault maps discovered:
D:1:      evilmike_arrival_plus, layout_basic, serial_bayou,
          serial_bayou_lagoon_a, serial_bayou_shore_a, serial_bayou_lagoon_b,
          serial_bayou_crossing, hellmonk_ecumenical_altar_blasted,
          nrook_loot_triangle
D:2:      minmay_kobold_bridge, layout_loops_corners
D:3:      layout_basic, minmay_misc_feat_tiny, nrook_uturn
D:4:      minmay_octagon_keep, layout_layer_cave, mainiacjoe_overflow_boulevard,
          minmay_temple_entry_statues_fountains, minmay_misc_feat_rows,
          lemuel_old_faithful, uniq_blork_the_orc
D:5:      layout_basic, tgw_kikubaaqudgha, uniq_grinder
D:6:      wad_pebble_path, layout_rooms, lemuel_coloured_pillars_altar,
          gammafunk_ghost_split
D:7:      layout_gridville, minitemple, chequers_jeans
D:8:      layout_basic, nrook_pool_corridor, nrook_campfire
D:9:      layout_roguey, nicolae_elyvilon_peaceful_grove,
          kennysheep_orc_sif_temple, nicolae_uskayaw_en_pointe,
          grunt_lair_entry_orc_guard_hut, special_room [special_room_bee],
          uniq_prince_ribbit1
D:10:     layout_basic, nicolae_overflow_hidden_temple,
          gammafunk_ghost_abyssal_escape, special_room [special_room_orc],
          minmay_liquid_box, uniq_josephine
D:11:     layout_cave_pools, minmay_orc_entry_temple_small
Lair:1:   layout_regular_city, grunt_megastairs_5, infiniplex_staircase_pool

Skill      XL: |  1  2  3  4  5  6  7  8  9 10 11 |
---------------+----------------------------------+-----
Slings         | 4 5 6 |  6.0
Armour         | 1 2 3 5 6 7 |  7.0
Stealth        | 2 3 |  3.0
Fighting       | 3 4 5 7 |  7.0
Crossbows      | 1 4 6 7 8 |  8.0
Axes           | 4 5 6 |  6.0
Shields        | 1 |  1.9
Dodging        | |  2.1

Action                   |  1- 3 |  4- 6 |  7- 9 | 10-12 || total
-------------------------+-------+-------+-------+-------++-------
Melee: Short sword       |     3 |       |       |       ||     3
       Dagger            |     5 |    56 |   126 |       ||   187
       Bite              |     1 |     8 |    16 |    20 ||    45
       War axe           |       |       |    56 |   122 ||   178
       Hand axe          |       |       |       |     9 ||     9
 Fire: Hunting sling     |   102 |   118 |   118 |    37 ||   375
       Hand crossbow     |       |     5 |    44 |    51 ||   100
Throw: Dart              |       |       |    30 |    39 ||    69
       Boomerang         |       |       |     4 |       ||     4
       Stone             |       |       |       |     1 ||     1
Invok: Wall of Briars    |       |       |       |     1 ||     1
 Abil: Exsanguinate      |       |       |     1 |       ||     1
Evoke: Wand              |       |       |     4 |     6 ||    10
  Use: Scroll            |       |       |    10 |     4 ||    14
       Potion            |       |       |     3 |     1 ||     4
Armor: Leather armour    |    10 |    11 |       |       ||    21
       Ring mail         |       |    13 |    85 |    73 ||   171
       Skin              |       |       |     8 |       ||     8
       Steam dragon scal |       |       |       |    21 ||    21
Dodge: Dodged            |    17 |    44 |   133 |   105 ||   299
Block: Buckler           |       |       |       |     3 ||     3
